 Dungeon Crawl Stone Soup version 0.20-a0-1008-g0de3dc5 (webtiles) character file.

350 AlphabetPasta the Skirmisher (level 6, -8/58 HPs)
             Began as a Ghoul Monk on Apr 14, 2017.
             Killed from afar by an orc wizard (10 damage)
             ... with a puff of flame
             ... on level 3 of the Dungeon.
             The game lasted 00:25:03 (3587 turns).

AlphabetPasta the Skirmisher (Ghoul Monk)           Turns: 3587, Time: 00:25:04

Health: -8/58      AC: 11    Str: 17    XL:     6   Next: 61%
Magic:  5/5        EV: 11    Int:  5    God:
Gold:   135        SH:  0    Dex: 11    Spells: 5/5 levels left

rFire    . . .     SeeInvis .   c - +0 club
rCold    + . .     Gourm    .   (no shield)
rNeg     + + +     Faith    .   n - +1 scale mail
rPois    ∞         Spirit   .   d - +2 helmet
rElec    .         Reflect  .   (no cloak)
rCorr    .         Harm     .   (no gloves)
MR       .....                  j - +0 pair of boots
Stlth    +.........             (no amulet)
Regen    0.0/turn               (no ring)
MPRegen  0.1/turn               (no ring)

@: flying (expiring), rotting, hasted (expiring), very quick
A: rotting body, claws 1, carnivore 3, cold resistance 1, negative energy
resistance 3, inhibited regeneration, torment resistance, unbreathing
a: no special abilities


You were on level 3 of the Dungeon.
You were not hungry.

You visited 1 branch of the dungeon, and saw 4 of its levels.
You also visited: Sewer.

You collected 135 gold pieces.

Inventory:

Hand Weapons
 c - a +0 club (weapon)
Armour
 a - a +0 robe
 d - a +2 helmet (worn)
 f - a cursed +0 chain mail
 g - a +0 ring mail
 j - a +0 pair of boots (worn)
 n - a +1 scale mail (worn)
Jewellery
 r - an uncursed ring of fire {unknown}
 t - an uncursed ring of poison resistance {unknown}
Scrolls
 s - a scroll of enchant armour
Potions
 p - a potion of invisibility {unknown}
 q - a potion of magic {unknown}
Comestibles
 b - 3 meat rations
 k - 2 royal jellies


   Skills:
 * Level 6.8 Fighting
 + Level 2.3 Armour
 + Level 4.7 Dodging
 - Level 4.3 Stealth


You had 5 spell levels left.
You didn't know any spells.

Dungeon Overview and Level Annotations

Branches:
Dungeon (4/15)
 Temple: D:4-7

Altars:
Uskayaw
Vehumet
The Shining One

Annotations:
D:3 Dipster's ghost, amateur BuMo; Eustachio


Innate Abilities, Weirdness & Mutations

Your body is rotting away.
You thrive on raw meat.
You are immune to poison.
You have sharp fingernails.
You are carnivorous and can eat meat at any time.
Your flesh is cold resistant. (rC+)
You are immune to negative energy. (rN+++)
You do not regenerate when monsters are visible.
You are immune to unholy pain and torment.
You can survive without breathing.


Message History

You are starting to lose your buoyancy.
An orc comes into view. It is wielding a war axe.
There is a hide-covered altar of Uskayaw here.
Okay, then.
As you read the scroll of teleportation, it crumbles to dust.
You feel strangely unstable.
The orc shouts!
The orc wizard points at you and mumbles some strange words.
You resist with some effort.
The orc wizard gestures wildly while chanting.
The orc wizard flickers and vanishes!
Deactivating autopickup; reactivate with Ctrl-A.
Unknown command.
Press < or > to pray at altars.
The adder barely misses you.
Your surroundings seem slightly different.
You hear some strange, mumbled words.
A puff of flame appears from out of thin air!
The puff of flame hits you!
You die...

..
########...8
#§S.@.......
###.o....8..
###.{.....
##....⌠
..... .8[.
... ..8


You could see an adder and an orc.

Vanquished Creatures
  2 hounds (D:4)
  An orc wizard (D:4)
  A worker ant (D:4)
  Robin (D:2)
  11 adders
  An ooze (D:1)
  A worm (D:1)
  3 dart slugs
  2 leopard geckos (D:2)
  6 ball pythons
  9 giant cockroaches
  13 goblins
  12 hobgoblins
  13 jackals
  2 quokkas
  6 bats
  8 frilled lizards
  12 kobolds
  7 rats
  2 plants (Sewer)
113 creatures vanquished.

Vanquished Creatures (others)
  An orc wizard (D:4)
1 creature vanquished.

Grand Total: 114 creatures vanquished

Notes
Turn   | Place    | Note
-------+----------+-------------------------------------------
     0 | D:1      | AlphabetPasta the Ghoul Monk began the quest for the Orb.
     0 | D:1      | Reached XP level 1. HP: 22/22 MP: 0/0
   156 | D:1      | Reached XP level 2. HP: 23/27 MP: 1/1
   276 | D:1      | Reached skill level 1 in Armour
   450 | D:1      | Reached XP level 3. HP: 34/34 MP: 2/2
   494 | D:1      | Reached skill level 5 in Fighting
   878 | D:1      | Reached XP level 4. HP: 9/42 MP: 3/3
  1661 | D:3      | Noticed Robin
  1681 | D:3      | Noticed Dipster's ghost (amateur BuMo)
  1712 | D:2      | Killed Robin
  1712 | D:2      | Reached XP level 5. HP: 29/49 MP: 4/4
  1764 | D:3      | Found a glowing drain.
  1925 | Sewer    | Entered a sewer
  2045 | Sewer    | Reached skill level 6 in Fighting
  2879 | D:3      | Found a radiant altar of Vehumet.
  3144 | D:4      | Reached XP level 6. HP: 40/58 MP: 5/5
  3203 | D:4      | Found a glowing golden altar of the Shining One.
  3336 | D:4      | Noticed Eustachio
  3554 | D:4      | HP: 1/58 [something/puff of frost (4)]
  3579 | D:3      | Found a hide-covered altar of Uskayaw.
  3587 | D:3      | Killed from afar by an orc wizard

Vault maps used:
D:1:      dpeg_arrival_shelter
D:2:      first_bread
D:3:      vehumet_crystals, minmay_overflow_temple_star_hex,
          cheibrodos_sewer_entry_drain, uniq_robin
D:4:      tso_metal_star, minmay_temple_entry_trees, minmay_misc_feat_tiny,
          minmay_unequal, uniq_eustachio
Sewer:    sewer_co_scattered_pipes

Skill      XL: |  1  2  3  4  5 |
---------------+----------------+-----
Armour         | 1 2 |  2.3
Fighting       | 5 6 |  6.8
Dodging        | 4 |  4.7
Stealth        | |  4.3

Action                   |  1- 3 |  4- 6 || total
-------------------------+-------+-------++-------
Melee: Club              |   143 |   799 ||   942
       Unarmed           |    12 |       ||    12
  Use: Scroll            |     3 |     9 ||    12
       Potion            |       |     6 ||     6
 Stab: Sleeping          |     1 |       ||     1
  Eat: Chunk             |    18 |    60 ||    78
Armor: Robe              |     7 |       ||     7
       Ring mail         |    20 |       ||    20
       Scale mail        |    36 |   478 ||   514
Dodge: Dodged            |    91 |   592 ||   683
